TOP OF THE 1ST |
Kalamazoo Royale with Cheese batting - Pitching for Beech Mountain Mountaineers : RHP Yong-hoon Park
|
Pitching: RHP Yong-hoon Park
|
|
Batting: RHB Greg Handrahan
|
0-0: Ground out 6-3 (Groundball, 6)
|
Batting: LHB Doyle Otterburn
|
0-0: SINGLE (Line Drive, 89S)
|
Batting: RHB Andy Aiton
|
0-0: Ground out 4-3 (Groundball, 4MS) Doyle Otterburn to second
|
Batting: LHB Donovan Bird
|
0-0: Ground out 4-3 (Groundball, 4S)
|
Top of the 1st over - 0 run(s), 1 hit(s), 0 error(s), 1 left on base; Kalamazoo 0 - Beech Mountain 0 |
BOTTOM OF THE 1ST |
Beech Mountain Mountaineers batting - Pitching for Kalamazoo Royale with Cheese : LHP Octávio Ramírez
|
Pitching: LHP Octávio Ramírez
|
|
Batting: SHB Tony López
|
0-0: Foul Ball, location: 2F 0-1: Foul Ball, location: 2F 0-2: Ball 1-2: Ball 2-2: Ground out 6-3 (Groundball, 6)
|
Batting: LHB Tommy Payne
|
0-0: Ball 1-0: Ball 2-0: Ground out 4-3 (Groundball, 34)
|
Batting: LHB Chris Bates
|
0-0: Called Strike 0-1: Ball 1-1: Fly out, F6 (Popup, 6)
|
Bottom of the 1st over - 0 run(s), 0 hit(s), 0 error(s), 0 left on base; Kalamazoo 0 - Beech Mountain 0 |
TOP OF THE 2ND |
Kalamazoo Royale with Cheese batting - Pitching for Beech Mountain Mountaineers : RHP Yong-hoon Park
|
Batting: LHB Roberto Sandoval
|
0-0: Fly out, F8 (Flyball, 8LD)
|
Batting: LHB Bill McJannett
|
0-0: Foul Ball, location: 2F 0-1: Swinging Strike 0-2: Ball 1-2: Ball 2-2: Strikes out swinging
|
Batting: RHB Gernot Renner
|
0-0: Fly out, F9 (Flyball, 9)
|
Top of the 2nd over - 0 run(s), 0 hit(s), 0 error(s), 0 left on base; Kalamazoo 0 - Beech Mountain 0 |
BOTTOM OF THE 2ND |
Beech Mountain Mountaineers batting - Pitching for Kalamazoo Royale with Cheese : LHP Octávio Ramírez
|
Batting: SHB Juan Castro
|
0-0: Ball 1-0: Ball 2-0: Swinging Strike 2-1: Foul Ball, location: 2F 2-2: SINGLE (Groundball, 6D)
|
Batting: SHB Miguel González
|
0-0: Called Strike 0-1: Foul Ball, location: 2F 0-2: Ball 1-2: Ball 2-2: Foul Ball, location: 2F 2-2: Foul Ball, location: 2F 2-2: Ball 3-2: Grounds into double play, 5-4-3 (Groundball, 56)
|
Batting: RHB Jesús Cruz
|
0-0: Ball 1-0: Ball 2-0: Called Strike 2-1: Fly out, F4 (Line Drive, 4)
|
Bottom of the 2nd over - 0 run(s), 1 hit(s), 0 error(s), 0 left on base; Kalamazoo 0 - Beech Mountain 0 |
TOP OF THE 3RD |
Kalamazoo Royale with Cheese batting - Pitching for Beech Mountain Mountaineers : RHP Yong-hoon Park
|
Batting: RHB Jorge Márquez
|
0-0: Bunt missed! 0-1: Ground out 2-3 (Groundball, 2R)
|
Batting: SHB Caden Keith
|
0-0: Foul Ball, location: 2F 0-1: Ball 1-1: Fly out, F7 (Line Drive, 7)
|
Batting: RHB Greg Handrahan
|
0-0: Called Strike 0-1: Ball 1-1: Ball 2-1: DOUBLE (Line Drive, 89D)
|
Batting: LHB Doyle Otterburn
|
0-0: Ball 1-0: Ball 2-0: Called Strike 2-1: Called Strike 2-2: SINGLE (Groundball, 4D) Greg Handrahan to third Runner from 3rd tries for Home, SAFE, no throw
|
Batting: RHB Andy Aiton
|
0-0: Ball Passed Ball! Doyle Otterburn to second 1-0: Called Strike 1-1: Fly out, F9 (Flyball, 89S)
|
Top of the 3rd over - 1 run(s), 2 hit(s), 0 error(s), 1 left on base; Kalamazoo 1 - Beech Mountain 0 |
BOTTOM OF THE 3RD |
Beech Mountain Mountaineers batting - Pitching for Kalamazoo Royale with Cheese : LHP Octávio Ramírez
|
Batting: RHB Carlos Flores
|
0-0: Ball 1-0: Ball 2-0: Fly out, F6 (Line Drive, 6)
|
Batting: LHB Pedro Gonzáles
|
0-0: Called Strike 0-1: Called Strike 0-2: Ball 1-2: Strikes out looking
|
Batting: RHB Rafael González
|
0-0: Ball 1-0: Called Strike 1-1: Called Strike 1-2: Ball 2-2: Foul Ball, location: 2F 2-2: Foul Ball, location: 2F 2-2: Foul Ball, location: 2F 2-2: Ball 3-2: Fly out, F5 (Popup, 5L)
|
Bottom of the 3rd over - 0 run(s), 0 hit(s), 0 error(s), 0 left on base; Kalamazoo 1 - Beech Mountain 0 |
TOP OF THE 4TH |
Kalamazoo Royale with Cheese batting - Pitching for Beech Mountain Mountaineers : RHP Yong-hoon Park
|
Batting: LHB Donovan Bird
|
0-0: Ball 1-0: Fly out, F9 (Flyball, 89S)
|
Batting: LHB Roberto Sandoval
|
0-0: Called Strike 0-1: Ball 1-1: Ball 2-1: Fly out, F9 (Line Drive, 9)
|
Batting: LHB Bill McJannett
|
0-0: Ball 1-0: Foul Ball, location: 2F 1-1: Called Strike 1-2: Ball 2-2: SINGLE (Flyball, 8LS)
|
Batting: RHB Gernot Renner
|
0-0: Ball 1-0: Called Strike 1-1: Swinging Strike 1-2: Ball 2-2: 2-RUN HOME RUN (Flyball, 78D), Distance : 382 ft
|
Batting: RHB Jorge Márquez
|
0-0: Ground out 5-3 (Groundball, 5L)
|
Top of the 4th over - 2 run(s), 2 hit(s), 0 error(s), 0 left on base; Kalamazoo 3 - Beech Mountain 0 |
BOTTOM OF THE 4TH |
Beech Mountain Mountaineers batting - Pitching for Kalamazoo Royale with Cheese : LHP Octávio Ramírez
|
Batting: SHB Tony López
|
0-0: Ground out 6-3 (Groundball, 6)
|
Batting: LHB Tommy Payne
|
0-0: Ball 1-0: Foul Ball, location: 2F 1-1: Foul Ball, location: 2F 1-2: Ball 2-2: Strikes out swinging
|
Batting: LHB Chris Bates
|
0-0: Called Strike 0-1: Ball 1-1: Ball 2-1: Ball 3-1: Foul Ball, location: 2F 3-2: Foul Ball, location: 2F 3-2: Foul Ball, location: 2F 3-2: Foul Ball, location: 2F 3-2: Foul Ball, location: 2F 3-2: DOUBLE (Line Drive, 7LM)
|
Batting: SHB Juan Castro
|
0-0: Ball 1-0: DOUBLE (Line Drive, 9D) Chris Bates scores
|
Batting: SHB Miguel González
|
0-0: Ball 1-0: Foul Ball, location: 2F 1-1: Called Strike 1-2: Fly out, F8 (Flyball, 8LM)
|
Bottom of the 4th over - 1 run(s), 2 hit(s), 0 error(s), 1 left on base; Kalamazoo 3 - Beech Mountain 1 |
TOP OF THE 5TH |
Kalamazoo Royale with Cheese batting - Pitching for Beech Mountain Mountaineers : RHP Yong-hoon Park
|
Batting: SHB Caden Keith
|
0-0: Ball 1-0: Foul Ball, location: 2F 1-1: Foul Ball, location: 2F 1-2: SINGLE (Flyball, 7S)
|
Batting: RHB Greg Handrahan
|
0-0: Ball 1-0: Called Strike Caden Keith steals 2nd base 1-1: Foul Ball, location: 2F 1-2: Ball 2-2: Strikes out swinging
|
Batting: LHB Doyle Otterburn
|
0-0: Ball 1-0: Called Strike 1-1: Called Strike 1-2: Ground out 6-3 (Groundball, 56)
|
Batting: RHB Andy Aiton
|
0-0: Foul Ball, location: 2F 0-1: Ball 1-1: Ball 2-1: Fly out, F3 (Popup, 34S)
|
Top of the 5th over - 0 run(s), 1 hit(s), 0 error(s), 1 left on base; Kalamazoo 3 - Beech Mountain 1 |
BOTTOM OF THE 5TH |
Beech Mountain Mountaineers batting - Pitching for Kalamazoo Royale with Cheese : LHP Octávio Ramírez
|
Batting: RHB Jesús Cruz
|
0-0: Called Strike 0-1: Ball 1-1: Called Strike 1-2: Ball 2-2: Foul Ball, location: 2F 2-2: Strikes out swinging
|
Batting: RHB Carlos Flores
|
0-0: Foul Ball, location: 2F 0-1: Called Strike 0-2: Foul Ball, location: 2F 0-2: Strikes out swinging
|
Batting: LHB Pedro Gonzáles
|
0-0: Foul Ball, location: 2F 0-1: Swinging Strike 0-2: Ball 1-2: Foul Ball, location: 2F 1-2: Ball 2-2: Foul Ball, location: 2F 2-2: DOUBLE (Line Drive, 78M)
|
Batting: RHB Rafael González
|
0-0: Ball 1-0: Fly out, F7 (Flyball, 7LS)
|
Bottom of the 5th over - 0 run(s), 1 hit(s), 0 error(s), 1 left on base; Kalamazoo 3 - Beech Mountain 1 |
TOP OF THE 6TH |
Kalamazoo Royale with Cheese batting - Pitching for Beech Mountain Mountaineers : RHP Yong-hoon Park
|
Batting: LHB Donovan Bird
|
0-0: Swinging Strike 0-1: Called Strike 0-2: Ball 1-2: Strikes out swinging
|
Batting: LHB Roberto Sandoval
|
0-0: Ball 1-0: Ball 2-0: Fly out, F8 (Flyball, 8LS)
|
Batting: LHB Bill McJannett
|
0-0: Called Strike 0-1: Called Strike 0-2: Strikes out looking
|
Top of the 6th over - 0 run(s), 0 hit(s), 0 error(s), 0 left on base; Kalamazoo 3 - Beech Mountain 1 |
BOTTOM OF THE 6TH |
Beech Mountain Mountaineers batting - Pitching for Kalamazoo Royale with Cheese : LHP Octávio Ramírez
|
Batting: SHB Tony López
|
0-0: Ball 1-0: Swinging Strike 1-1: Fly out, F9 (Flyball, 9LS)
|
Batting: LHB Tommy Payne
|
0-0: Called Strike 0-1: Fly out, F8 (Flyball, 8LD)
|
Batting: LHB Chris Bates
|
0-0: Called Strike 0-1: Ball 1-1: Called Strike 1-2: Ball 2-2: Foul Ball, location: 2F 2-2: Foul Ball, location: 2F 2-2: Ground out 4-3 (Groundball, 4MD)
|
Bottom of the 6th over - 0 run(s), 0 hit(s), 0 error(s), 0 left on base; Kalamazoo 3 - Beech Mountain 1 |
TOP OF THE 7TH |
Kalamazoo Royale with Cheese batting - Pitching for Beech Mountain Mountaineers : RHP Yong-hoon Park
|
Batting: RHB Gernot Renner
|
0-0: Called Strike 0-1: Ball 1-1: Called Strike 1-2: Ball 2-2: Fly out, F9 (Flyball, 89S)
|
Batting: RHB Jorge Márquez
|
0-0: Fly out, F4 (Popup, 4)
|
Batting: SHB Caden Keith
|
0-0: Ball 1-0: Ball 2-0: Called Strike 2-1: Called Strike 2-2: Strikes out swinging
|
Top of the 7th over - 0 run(s), 0 hit(s), 0 error(s), 0 left on base; Kalamazoo 3 - Beech Mountain 1 |
BOTTOM OF THE 7TH |
Beech Mountain Mountaineers batting - Pitching for Kalamazoo Royale with Cheese : LHP Octávio Ramírez
|
Pitching: LHP Morgan McDormand
|
|
Batting: SHB Juan Castro
|
0-0: Ball 1-0: Fly out, F9 (Flyball, 9)
|
Batting: SHB Miguel González
|
0-0: Ball 1-0: Ball 2-0: Ball 3-0: Called Strike 3-1: Ground out 4-3 (Groundball, 4)
|
Batting: RHB Jesús Cruz
|
0-0: Called Strike 0-1: Ball 1-1: Ball 2-1: Fly out, F9 (Line Drive, 89S)
|
Bottom of the 7th over - 0 run(s), 0 hit(s), 0 error(s), 0 left on base; Kalamazoo 3 - Beech Mountain 1 |
TOP OF THE 8TH |
Kalamazoo Royale with Cheese batting - Pitching for Beech Mountain Mountaineers : RHP Yong-hoon Park
|
Batting: RHB Greg Handrahan
|
0-0: Ball 1-0: Swinging Strike 1-1: Foul Ball, location: 2F 1-2: Ball 2-2: Strikes out swinging
|
Batting: LHB Doyle Otterburn
|
0-0: Swinging Strike 0-1: Ball 1-1: Called Strike 1-2: Foul Ball, location: 2F 1-2: Ball 2-2: Foul Ball, location: 2F 2-2: Ball 3-2: DOUBLE (Groundball, 3L)
|
Pitching: RHP Mang Tow
|
|
Batting: RHB Andy Aiton
|
0-0: Ball 1-0: Swinging Strike 1-1: Ball 2-1: 2-RUN HOME RUN (Flyball, 89XD), Distance : 396 ft
|
Batting: LHB Donovan Bird
|
0-0: Foul Ball, location: 2F 0-1: Ball 1-1: Ball 2-1: Fly out, F9 (Flyball, 9S)
|
Batting: LHB Roberto Sandoval
|
0-0: Foul Ball, location: 2F 0-1: Called Strike 0-2: Strikes out looking
|
Top of the 8th over - 2 run(s), 2 hit(s), 0 error(s), 0 left on base; Kalamazoo 5 - Beech Mountain 1 |
BOTTOM OF THE 8TH |
Beech Mountain Mountaineers batting - Pitching for Kalamazoo Royale with Cheese : LHP Morgan McDormand
|
Batting: RHB Carlos Flores
|
0-0: Ball 1-0: Ball 2-0: Ball 3-0: Called Strike 3-1: Foul Ball, location: 2F 3-2: Base on Balls
|
Batting: LHB Pedro Gonzáles
|
0-0: Fly out, F7 (Flyball, 7LM)
|
Batting: RHB Rafael González
|
0-0: Ball 1-0: Ball 2-0: Ball 3-0: Called Strike 3-1: Called Strike 3-2: Grounds into double play, 5-4-3 (Groundball, 56)
|
Bottom of the 8th over - 0 run(s), 0 hit(s), 0 error(s), 0 left on base; Kalamazoo 5 - Beech Mountain 1 |
TOP OF THE 9TH |
Kalamazoo Royale with Cheese batting - Pitching for Beech Mountain Mountaineers : RHP Mang Tow
|
Batting: LHB Bill McJannett
|
0-0: Called Strike 0-1: SOLO HOME RUN (Line Drive, 9D), Distance : 353 ft
|
Pitching: RHP Bret McJannett
|
|
Batting: RHB Gernot Renner
|
0-0: Fly out, F5 (Popup, 5D)
|
Batting: RHB Jorge Márquez
|
0-0: Called Strike 0-1: Ball 1-1: SINGLE (Groundball, 4S) (infield hit)
|
Batting: SHB Caden Keith
|
0-0: Fly out, F8 (Flyball, 8RM)
|
Batting: RHB Greg Handrahan
|
0-0: Ball 1-0: Called Strike 1-1: Swinging Strike 1-2: Strikes out swinging
|
Top of the 9th over - 1 run(s), 2 hit(s), 0 error(s), 1 left on base; Kalamazoo 6 - Beech Mountain 1 |
BOTTOM OF THE 9TH |
Beech Mountain Mountaineers batting - Pitching for Kalamazoo Royale with Cheese : LHP Morgan McDormand
|
Batting: SHB Tony López
|
0-0: Called Strike 0-1: Called Strike 0-2: Ball 1-2: SINGLE (Groundball, 34D)
|
Batting: LHB Tommy Payne
|
0-0: Ball 1-0: Called Strike 1-1: Ground out 4-3 (Groundball, 4MS) Tony López to second
|
Batting: LHB Chris Bates
|
0-0: Called Strike 0-1: Called Strike 0-2: Ball 1-2: Ball 2-2: Foul Ball, location: 2F 2-2: Foul Ball, location: 2F 2-2: Foul Ball, location: 2F 2-2: Fly out, F4 (Line Drive, 4) Lined into DP, 4-6 (Line Drive, 4)
|
Bottom of the 9th over - 0 run(s), 1 hit(s), 0 error(s), 0 left on base; Kalamazoo 6 - Beech Mountain 1 |
|